 Dungeon Crawl Stone Soup version 0.22.0 (webtiles) character file.

247 Sogov the Grave Robber (level 5, -1/49 HPs)
             Began as a Deep Dwarf Necromancer on Aug 10, 2018.
             Slain by Duvessa
             ... wielding a +0 short sword
              (7 damage)
             ... on level 3 of the Dungeon.
             The game lasted 00:10:30 (3074 turns).

Sogov the Grave Robber (Deep Dwarf Necromancer)     Turns: 3074, Time: 00:10:32

Health: -1/49      AC:  7    Str: 15    XL:     5   Next: 85%
Magic:  2/9        EV: 11    Int: 16    God:
Gold:   181        SH:  0    Dex:  8    Spells: 5/9 levels left

rFire    + . .     SeeInvis .   n - +0 spear (vamp)
rCold    . . .     Gourm    .   (no shield)
rNeg     + + +     Faith    .   f - +0 ring mail
rPois    .         Spirit   .   x - +1 helmet of a sewer {rF+ rN+++ Str+3 Dex-5}
rElec    .         Reflect  .   r - scarf {cloud immunity}
rCorr    .         Harm     .   (no gloves)
MR       .....                  (no boots)
Stlth    +.........             (no amulet)
HPRegen  0.00/turn              (no ring)
MPRegen  0.11/turn              (no ring)

@: very slightly contaminated, non-regenerating
A: damage resistance, heal wounds, sense surroundings 1, no regeneration
a: Heal Wounds


You were on level 3 of the Dungeon.
You were not hungry.

You visited 1 branch of the dungeon, and saw 4 of its levels.

You collected 181 gold pieces.

Inventory:

Hand Weapons
 n - a +0 vampiric spear (weapon)
Armour
 f - a +0 ring mail (worn)
 r - a scarf of cloud immunity (worn)
 x - the +1 helmet of a sewer (worn) {rF+ rN+++ Str+3 Dex-5}
   (You took it off Robin on level 3 of the Dungeon)

   It affects your strength (+3).
   It affects your dexterity (-5).
   It protects you from fire.
   It renders you almost immune to negative energy.
Jewellery
 t - a +2 ring of protection {unknown}
Wands
 a - a wand of disintegration (1)
Scrolls
 e - 2 scrolls of identify {unknown}
 g - a scroll of random uselessness {unknown}
 i - a scroll of blinking {unknown}
 o - a scroll of fear {unknown}
 p - a scroll of enchant weapon {unknown}
 s - a scroll of enchant armour {unknown}
 u - a scroll of magic mapping {unknown}
Potions
 b - a potion of magic {unknown}
 d - a potion of haste {unknown}
 h - a potion of degeneration {unknown}
 k - a potion of heal wounds {unknown}
 m - 2 potions of curing {unknown}
 q - 2 potions of lignification {unknown}
 v - a potion of mutation {unknown}
Comestibles
 c - 5 rations


   Skills:
 + Level 3.1 Fighting
 + Level 2.3 Polearms
 - Level 2.1 Dodging
 - Level 2.4 Stealth
 + Level 2.9 Spellcasting
 - Level 5.0 Necromancy


You had 5 spell levels left.
You knew the following spells:

 Your Spells              Type           Power        Failure   Level  Hunger
a - Pain                  Necr           ###.         4%          1    #......
b - Vampiric Draining     Necr           ###.......   14%         3    ###....

Your spell library contained the following spells:

 Spells                   Type           Power        Failure   Level  Hunger
 Animate Dead             Necr           N/A          43%         4    #####..
 Animate Skeleton         Necr           N/A          4%          1    #......
 Regeneration             Chrm/Necr      ##........   38%         3    ###....


Dungeon Overview and Level Annotations

Branches:
Dungeon (4/15)
 Temple: D:4-7

Altars:
Sif Muna

Annotations:
D:3 Dowan, Duvessa


Innate Abilities, Weirdness & Mutations

You are resistant to damage.
You can heal yourself by infusing magical energy.
You passively map a small area around you.
You do not regenerate.


Message History

* * * LOW HITPOINT WARNING * * *
Dowan hits you but does no damage. Duvessa hits you with a short sword.
* * * LOW HITPOINT WARNING * * *
Dowan barely misses you.
Dowan mumbles some strange words.
Dowan blinks!
Duvessa hits you with a short sword.
* * * LOW HITPOINT WARNING * * *
You hit Duvessa but do no damage. Duvessa hits you with a short sword.
* * * LOW HITPOINT WARNING * * *
Duvessa hits you but does no damage.
Dowan says, "Stay away from my face!"
You hit Duvessa.
You feel better.
Duvessa is lightly wounded.
Duvessa closely misses you.
You barely miss Duvessa.
Duvessa is lightly wounded.
Duvessa hits you with a short sword!
You die...

##### #...# ##### #.#.#######
....# #####.#.......# ....#
#...).#.###.#.# ....# #.###.#.#
#.#.# ....# #.# #.#.###.#.#
#+#.# #.# #..@ee..#.######
..#.# #.# #######.#......#
###.# #.# #.##.#.####.#
....######.# #.#.......#.#
.....).....######.#.##....#.#
...............>..>.#######.###
........#.#######.#.........#.#
..#.##....# #.###########.##
...###....# #..............#


You could see Duvessa and Dowan.

Vanquished Creatures
  A sky beast (D:4)
  Robin (D:3)
  2 adders
  3 oozes
  3 worms
  A dart slug (D:3)
  3 leopard geckos (D:3)
  2 orcs (D:3)
  7 giant cockroaches
  14 goblins
  16 hobgoblins
  A jackal (D:1)
  6 kobolds
  4 quokkas (D:2)
  2 ball pythons
  6 bats
  6 frilled lizards
  10 rats
88 creatures vanquished.

Notes
Turn   | Place    | Note
-------+----------+-------------------------------------------
     0 | D:1      | Sogov the Deep Dwarf Necromancer began the quest for the Orb.
     0 | D:1      | Reached XP level 1. HP: 15/15 MP: 3/3
   256 | D:1      | Reached skill level 1 in Fighting
   256 | D:1      | Reached XP level 2. HP: 25/25 MP: 0/4
   745 | D:1      | Reached skill level 5 in Necromancy
   745 | D:1      | Reached XP level 3. HP: 28/31 MP: 2/5
   802 | D:1      | Learned a level 3 spell: Vampiric Draining
  1502 | D:3      | Reached XP level 4. HP: 39/39 MP: 7/7
  1513 | D:3      | Noticed Robin
  1535 | D:2      | Reached skill level 1 in Polearms
  1845 | D:3      | Found a faded altar of an unknown god.
  1939 | D:3      | Found a deep blue altar of Sif Muna.
  2160 | D:3      | Killed Robin
  2165 | D:3      | Got an ichor-stained helmet
  2171 | D:3      | Identified the +1 helmet of a sewer {rF+ rN+++ Str+3 Dex-5} (You took it off Robin on level 3 of the Dungeon)
  2315 | D:3      | Reached XP level 5. HP: 20/46 MP: 4/8
  2750 | D:4      | Noticed a sky beast
  2766 | D:4      | Killed a sky beast
  2882 | D:4      | Noticed Duvessa
  2882 | D:4      | Noticed Dowan
  3074 | D:3      | Slain by Duvessa

Skill      XL: |  1  2  3  4  5 |
---------------+----------------+-----
Fighting       | 1 2 3 |  3.1
Necromancy     | 5 |  5.0
Spellcasting   | 2 |  2.9
Polearms       | 1 2 |  2.3
Dodging        | |  2.1
Stealth        | |  2.4

Action                   |  1- 3 |  4- 6 || total
-------------------------+-------+-------++-------
Melee: Dagger            |     3 |       ||     3
       Short sword       |    13 |       ||    13
       Whip              |     8 |       ||     8
       Spear             |   107 |   217 ||   324
 Cast: Pain              |    34 |    10 ||    44
       Vampiric Draining |     3 |     5 ||     8
 Abil: Heal Wounds       |       |     1 ||     1
 Stab: Sleeping          |     6 |     1 ||     7
  Eat: Ration            |     2 |       ||     2
       Chunk             |     1 |     6 ||     7
Armor: Ring mail         |    46 |    65 ||   111
Dodge: Dodged            |    67 |   110 ||   177
